 Dungeon Crawl Stone Soup version 0.18.1-47-g9310371 (webtiles) character file.

131 zervinho the Sneak (level 4, 0/21 HPs)
             Began as a Spriggan Enchanter on June 21, 2016.
             Succumbed to a worker ant's poison
             ... on level 3 of the Dungeon.
             The game lasted 00:12:33 (3483 turns).

zervinho the Sneak (Spriggan Enchanter)             Turns: 3483, Time: 00:12:34

Health: 0/21       AC:  5    Str:  4    XL:     4   Next: 91%
Magic:  10/10      EV: 19    Int: 17    God:
Gold:   83         SH:  0    Dex: 16    Spells: 3 memorised, 4 levels left

rFire  . . .     SeeInvis +     a - +2 dagger
rCold  . . .     Gourm    .     b - +2 robe
rNeg   . . .     Faith    .     (shield restricted)
rPois  .         Spirit   .     (helmet restricted)
rElec  .         Dismiss  .     j - +0 cloak
rCorr  .         Reflect  .     (gloves unavailable)
SustAt .         Harm     .     (boots unavailable)
MR     .....                    e - amulet of magic regeneration
Stlth  ++++......               (no ring)
                                (no ring)

@: lethally poisoned (0 -> -19), very quick, not resistant to hostile
enchantments, stealthy
A: unfitting armour, see invisible, herbivore 3, speed 3, slow metabolism 2
a: no special abilities


You were on level 3 of the Dungeon.
You were full.

You visited 1 branch of the dungeon, and saw 4 of its levels.

You collected 83 gold pieces.

Inventory:

Hand Weapons
 a - a +2 dagger (weapon)
 m - a +0 hunting sling
Missiles
 g - 133 stones (quivered)
 k - 25 sling bullets
 o - 6 curare-tipped needles
Armour
 b - a +2 robe (worn)
 f - a +0 cloak
 j - a +0 cloak (worn)
Jewellery
 e - an amulet of magic regeneration (around neck)
 i - an uncursed amulet of the gourmand {unknown}
 q - an uncursed amulet of guardian spirit {unknown}
Scrolls
 n - 2 scrolls of remove curse
Potions
 h - 2 potions of flight
 l - a potion of agility {unknown}
Books
 c - a book of Maledictions

   Spells                             Type                      Level
   a - Corona                         Hexes                        1
   b - Ensorcelled Hibernation        Hexes/Ice                    2
   c - Confuse                        Hexes                        3
   d - Tukima's Dance                 Hexes                        3
   e - Dazzling Spray                 Conjuration/Hexes            3
Comestibles
 d - 2 bread rations


   Skills:
 + Level 0.2 Fighting
 * Level 2.3 Short Blades
 + Level 4.0 Dodging
 * Level 5.8 Stealth
 + Level 3.5 Spellcasting
 + Level 4.4 Hexes
 + Level 0.1 Ice Magic


You had 4 spell levels left.
You knew the following spells:

 Your Spells              Type           Power        Failure   Level  Hunger
a - Corona                Hex            ###....      2%          1    None
b - Ensorcelled Hibernat  Hex/Ice        ##....       12%         2    ##.....
c - Confuse               Hex            ###.....     10%         3    ###....


Dungeon Overview and Level Annotations

Branches:
Dungeon (4/15)
 Temple: D:4-7

Altars:
Nemelex Xobeh

Annotations:
D:4 Edmund


Innate Abilities, Weirdness & Mutations

You are tiny and cannot use many weapons and most armour.
You have supernaturally acute eyesight.
You are a herbivore.
You cover ground extremely quickly.
You need consume almost no food.


Message History

The worker ant is lightly wounded.
You feel sick.
The worker ant stops glowing.
The worker ant misses you.
You barely miss the worker ant.
The worker ant is lightly wounded.
You feel sick. The worker ant bites you.
You barely miss the worker ant.
The worker ant is lightly wounded.
* * * LOW HITPOINT WARNING * * *
You feel sick. The worker ant bites you.
* * * LOW HITPOINT WARNING * * *
You are more poisoned.
The worker ant poisons you!
* * * LOW HITPOINT WARNING * * *
You feel sick.
There is a stone staircase leading up here.
* * * LOW HITPOINT WARNING * * *
You feel sick.
The worker ant bites you but does no damage.
You climb upwards.
You die...

##### ....# ######
....# #....#
....########.##.####
..........<..##....#
.....###..[..#.....#
...[............@a.#
.(.......#.#.......#
########.......#.#)#
#....#....#.#
#....#.####.#
###...#.####.#
###.........##.#
#......####....#
#.....[.#.....<#


You could see a worker ant.

Vanquished Creatures
  A hound (D:3)
  Robin (D:3)
  2 adders
  A worm (D:3)
  A dart slug (D:1)
  2 giant cockroaches (D:1)
  18 goblins
  10 hobgoblins
  3 jackals (D:3)
  5 kobolds
  A quokka (D:2)
  2 ball pythons (D:3)
  5 bats
  4 giant newts
  6 rats
62 creatures vanquished.

Notes
Turn   | Place    | Note
--------------------------------------------------------------
     0 | D:1      | zervinho the Spriggan Enchanter began the quest for the Orb.
     0 | D:1      | Reached XP level 1. HP: 9/9 MP: 5/5
   173 | D:1      | Reached XP level 2. HP: 13/13 MP: 6/6
   261 | D:1      | Reached skill level 5 in Stealth
   691 | D:1      | Reached XP level 3. HP: 13/16 MP: 8/8
  1996 | D:3      | Noticed Robin
  2023 | D:3      | Reached XP level 4. HP: 8/21 MP: 8/10
  2030 | D:3      | HP: 1/21 [goblin/dagger[Robin] (7)]
  2045 | D:3      | HP: 1/21 [goblin/dagger[Robin] (1)]
  2628 | D:2      | Learned a level 2 spell: Ensorcelled Hibernation
  2632 | D:2      | Learned a level 3 spell: Confuse
  2637 | D:3      | Killed Robin
  3045 | D:3      | Found a sparkling altar of Nemelex Xobeh.
  3465 | D:4      | Noticed Edmund
  3482 | D:4      | HP: 1/21 [poisoned by a worker ant]
  3483 | D:3      | Succumbed to a worker ant's poison

Skill      XL: |  1  2  3  4 |
---------------+-------------+-----
Spellcasting   | 3 |  3.5
Stealth        | 5 |  5.8
Hexes          | 4 |  4.4
Short Blades   | 2 |  2.3
Dodging        | 4 |  4.0
Fighting       | |  0.2
Ice Magic      | |  0.1

Action                   |  1- 3 |  4- 6 || total
-------------------------+-------+-------++-------
Melee: Dagger            |   166 |   115 ||   281
Throw: Stone             |       |     4 ||     4
 Cast: Corona            |    33 |    34 ||    67
       Ensorcelled Hiber |       |     3 ||     3
  Use: Scroll            |     4 |     1 ||     5
       Potion            |     4 |     1 ||     5
 Stab: Sleeping          |     7 |     4 ||    11
       Invisible         |     1 |       ||     1
  Eat: Bread ration      |       |     1 ||     1
Armor: Robe              |    27 |    30 ||    57
Dodge: Dodged            |   129 |    94 ||   223
